 Dungeon Crawl Stone Soup version 0.26-a0-597-gb535b0901c (webtiles) character file.

Game seed: 15512293414817374681

41 ANON1729 the Sneak (level 3, 0/29 HPs)
             Began as a Demonspawn Delver on Aug 25, 2020.
             Killed by divine providence
             ... invoked by an orc priest
              (13 damage)
             ... on level 5 of the Dungeon.
             The game lasted 00:00:54 (624 turns).

ANON1729 the Sneak (Demonspawn Delver)               Turns: 624, Time: 00:00:54

Health: 0/29       AC:  3    Str: 12    XL:     3   Next: 32%
Magic:  0/3        EV: 12    Int: 11    God:
Gold:   33         SH:  0    Dex: 15    Spells: 2/2 levels left

rFire    . . .     SeeInvis .   a - +0 short sword
rCold    . . .     Faith    .   (no shield)
rNeg     . . .     Spirit   +   b - +0 leather armour
rPois    .         Reflect  .   (helmet restricted)
rElec    .         Harm     .   (no cloak)
rCorr    .                      (no gloves)
MR       .....                  (no boots)
Stlth    +++.......             (no amulet)
HPRegen  0.09/turn              (no ring)
MPRegen  0.08/turn              (no ring)

@: lethally poisoned (0 -> -5), hasted, very quick
A: antennae 1, magic shield
a: no special abilities


You were on level 5 of the Dungeon.
You visited 1 branch of the dungeon, and saw 1 of its levels.

You collected 33 gold pieces.

Inventory:

Hand Weapons
 a - a +0 short sword (weapon)
Armour
 b - a +0 leather armour (worn)
Jewellery
 i - a cursed -4 ring of dexterity {unknown}
Wands
 g - a wand of digging (3)
Scrolls
 c - a scroll of fog
 d - a scroll of magic mapping
 e - a scroll of fear
 h - a scroll of enchant weapon {unknown}


   Skills:
 + Level 3.3 Fighting
 + Level 2.2 Short Blades
 + Level 2.3 Dodging
 + Level 4.8 Stealth


You had 2 spell levels left.
You didn't know any spells.
Your spell library was empty.

Dungeon Overview and Level Annotations

Branches:
Dungeon (5/15)
 Temple: D:4-7

Altars:
Elyvilon


Innate Abilities, Weirdness & Mutations

You have a pair of small antennae on your head.
When hurt, damage is shared between your health and your magic reserves.


Message History

The adder barely misses you. The adder closely misses you.
You closely miss the adder.
The adder is moderately wounded.
The adder closely misses you.
You hit the adder but do no damage.
The adder is moderately wounded.
The adder bites you.
You completely miss the adder.
The adder is moderately wounded.
The adder bites you.
You are poisoned.
The adder poisons you! The adder bites you.
You are too injured to fight recklessly!
You are too injured to fight recklessly!
You are too injured to fight recklessly!
You are too injured to fight recklessly!
You feel yourself speed up.
You feel sick.
The orc priest calls down the wrath of Beogh upon you.
Beogh smites you!
You die...

...... ...#... #.# ........
...#... #.# # ........ .o.....
#.... #....... .......###.#.#
.....#.. ..............
....#..####oo..... #.#.#
##.#....o{{{o...... #.#.#
......†#S###..##..# #.#.#
.#.....@# ..##.. #.#.#
#####..##..##..####.#..
#.................# #######
#..##.............# #
#.....######...#..............
.#.#.............................
.#.#.....######.#..#.##.#####.#..
......##....# #<....... #.#..
.#.#..##....+ .....<.##. #.#..


You could see an orc priest and an adder.

Vanquished Creatures
  A worker ant (D:5)
  An adder (D:5)
  2 leopard geckos (D:5)
  2 orcs (D:5)
6 creatures vanquished.

Notes
Turn   | Place    | Note
-------+----------+-------------------------------------------
     0 | D:5      | ANON1729 the Demonspawn Delver began the quest for the Orb.
     0 | D:5      | Reached XP level 1. HP: 18/18 MP: 1/1
     5 | D:5      | Found a white marble altar of Elyvilon.
    58 | D:5      | Noticed an orc priest
   252 | D:5      | Gained mutation: When hurt, damage is shared between your
                  | health and your magic reserves. [demonic ancestry]
   252 | D:5      | Reached XP level 2. HP: 18/24 MP: 2/2
   511 | D:5      | Gained mutation: You have a pair of small antennae on your
                  | head. [demonic ancestry]
   511 | D:5      | Reached XP level 3. HP: 22/29 MP: 1/3
   624 | D:5      | Killed from afar by an orc priest

Illustrated notes

Levels and vault maps discovered:
D:5:      layout_basic, elyvilon_altar_5

Skill      XL: |  1 |
---------------+----+-----
Short Blades   | 2 |  2.2
Dodging        | 2 |  2.3
Fighting       | |  3.3
Stealth        | |  4.8

Action                   || total
-------------------------++-------
Melee: Short sword       ||    54
  Use: Potion            ||     1
Armor: Leather armour    ||    10
Dodge: Dodged            ||    28

Table legend: (Time is in decaauts)
 A = Elapsed time spent in this place.
 B = Non-inter-level travel time spent in this place.
 C = Inter-level travel time spent in this place.
 D = Time resting spent in this place.
 E = Time spent auto-exploring this place.
 F = Levels seen in this place.
 G = Mean time per level.
                   A        B        C        D        E       F      G
               +--------+--------+--------+--------+--------+-----+--------+
         Total |    624 |    624 |      0 |    392 |     97 |   1 |  624.0 |
       Dungeon |    624 |    624 |      0 |    392 |     97 |   1 |  624.0 |
               +--------+--------+--------+--------+--------+-----+--------+

Top non-repeatable levels by time:
     D:5: 624 daAuts
